 Dungeon Crawl Stone Soup version 0.31-a0-366-ga77b45bd9b (webtiles) character file.

Game seed: 1335570018151326586

524 AdnanSaban the Covered (level 7, -5/43 HPs)
             Began as a Gargoyle Fighter on July 28, 2023.
             Slain by an ogre
             ... wielding a +0 giant club
              (26 damage)
             ... on level 4 of the Dungeon.
             The game lasted 00:02:50 (2746 turns).

AdnanSaban the Covered (Gargoyle Fighter)           Turns: 2746, Time: 00:02:51

Health: -5/43      AC: 12    Str: 21    XL:     7   Next: 22%
Magic:  7/7        EV: 10    Int:  9    God:
Gold:   163        SH:  4    Dex:  9    Spells: 6/6 levels left

rFire   . . .        f - +3 mace
rCold   . . .        c - +0 buckler
rNeg    + . .        b - +0 scale mail
rPois   ∞            (no helmet)
rElec   +            (no cloak)
rCorr   .            (no gloves)
SInv    .            (no boots)
Will    .....        (no amulet) Stlth
                     (no ring)
HPRegen 0.27/turn    (no ring)
MPRegen 0.10/turn

%: no passive effects
@: no status effects
A: sickness immunity, AC +4, negative energy resistance 1, electricity
resistance, torment resistance 1, petrification resistance
a: no special abilities


You were on level 4 of the Dungeon.
You visited 1 branch of the dungeon, and saw 4 of its levels.

You collected 163 gold pieces.

Inventory:

Hand Weapons
 f - a +3 mace (weapon)
Missiles
 k - 6 poisoned darts (quivered)
Armour
 b - a +0 scale mail (worn)
 c - a +0 buckler (worn)
Jewellery
 h - a ring of flight
 q - a ring of positive energy
Wands
 s - a wand of roots (1)
 t - a wand of charming (6)
Scrolls
 e - a scroll of fear {unknown}
 g - a scroll of enchant weapon {unknown}
 i - a scroll of fog {unknown}
 l - 2 scrolls of identify {unknown}
 o - a scroll of immolation {unknown}
 p - a scroll of summoning {unknown}
 r - a scroll of blinking {unknown}
Potions
 a - a potion of curing {unknown}
 d - 3 potions of might
 j - a potion of heal wounds {unknown}
 m - a potion of cancellation {unknown}
 n - a potion of degeneration {unknown}


   Skills:
 + Level 4.2 Fighting
 + Level 5.0 Maces & Flails
 + Level 5.3 Armour
 + Level 1.6 Dodging
 + Level 4.2 Shields


You had 6 spell levels left.
You didn't know any spells.
Your spell library contained the following spells:

 Spells                   Type           Power      Damage    Failure   Level
 Summon Small Mammal      Summ           0%         N/A       78%         1
 Call Canine Familiar     Summ           0%         N/A       98%         3
 Summon Guardian Golem    Hex/Summ       0%         N/A       98%         3
 Animate Dead             Necr           0%         N/A       100%        4
 Haunt                    Necr/Summ      0%         N/A       100%        7
 Infestation              Necr           0%         N/A       100%        8


Dungeon Overview and Level Annotations

Branches:
Dungeon (4/15)
 Temple: D:4-7

Altars:


Innate Abilities, Weirdness & Mutations

You are immune to sickness and miasma.
Your stone body is resilient. (AC +4)
You are immune to poison.
You resist negative energy. (rN+)
You are resistant to electric shocks. (rElec)
You are resistant to unholy torment.
You are immune to petrification.


Message History

There is an open door here.
Things that are here:
a +0 dagger; a +1 leather armour of fire resistance
There is an open door here.
There is a stone staircase leading up here.
You climb upwards.
There is a stone staircase leading down here.
You start resting.
HP restored.
You climb downwards.
The ogre barely misses you.
There is a stone staircase leading up here.
You hit the ogre.
The ogre is lightly wounded.
The ogre hits you with a +0 giant club.
You hit the ogre.
The ogre is moderately wounded.
The ogre barely misses you.
You hit the ogre.
The ogre is heavily wounded.
The ogre hits you with a +0 giant club!!
You are too injured to fight recklessly!
You are too injured to fight recklessly!
You are too injured to fight recklessly!
You are too injured to fight recklessly!
You are too injured to fight recklessly!
You are too injured to fight recklessly!
You are too injured to fight recklessly!
You are too injured to fight recklessly!
You are too injured to fight recklessly!
You are too injured to fight recklessly!
You are too injured to fight recklessly!
You are too injured to fight recklessly!
You are too injured to fight recklessly!
You are too injured to fight recklessly!
You are too injured to fight recklessly!
You sock the ogre!
The ogre is almost dead.
The ogre hits you with a +0 giant club!!
Ouch! That really hurt!
You die...

....# ###### ....# #....#
....####.##.# ....'....##.###
....#######...# #####
..÷.....#...#.#### #...#
.................# #.#.##
....###.##..##.#.# #....#
....'.#........#@#####..#
....#O##########.O......######
..>.#....#.....##.......##...#
....####.# ..#.#...........#.#
....# #.# #.#........>....#.#
....# #.# #.#....#.....#....#
########.###....#.#####.######
#..)..#.....)#.......#
###'#####......+...#####


You could see an ogre.

Vanquished Creatures
  Grinder (D:4)
  Menkaure (D:3)
  An ogre (D:4)
  A sleepcap (D:4)
  Ijyb (D:4)
  2 adders
  2 dart slugs (D:3)
  10 bats
  An endoplasm (D:3)
  4 giant cockroaches
  10 goblins
  3 hobgoblins
  6 jackals
  4 quokkas
  3 ball pythons
  A frilled lizard (D:2)
  2 kobolds
  3 rats (D:2)
56 creatures vanquished.

Notes
Turn   | Place    | Note
-------+----------+-------------------------------------------
     0 | D:1      | AdnanSaban the Gargoyle Fighter began the quest for the
                  | Orb.
     0 | D:1      | Reached XP level 1. HP: 14/14 MP: 1/1
   258 | D:1      | Reached XP level 2. HP: 19/19 MP: 2/2
   833 | D:2      | Reached XP level 3. HP: 18/23 MP: 3/3
  1000 | D:2      | Found a faded altar of an unknown god.
  2160 | D:4      | Noticed Menkaure
  2164 | D:4      | Reached XP level 4. HP: 28/28 MP: 4/4
  2179 | D:3      | Killed Menkaure
  2180 | D:3      | Reached XP level 5. HP: 17/33 MP: 5/5
  2261 | D:4      | Noticed an ogre
  2268 | D:4      | Killed an ogre
  2269 | D:4      | Reached skill level 1 in Dodging
  2269 | D:4      | Reached XP level 6. HP: 10/38 MP: 6/6
  2498 | D:4      | Noticed Ijyb
  2510 | D:4      | Killed Ijyb
  2564 | D:4      | Noticed Grinder
  2584 | D:4      | Paralysed by Grinder for 4 turns
  2603 | D:4      | Killed Grinder
  2604 | D:4      | Reached skill level 5 in Maces & Flails
  2604 | D:4      | Reached skill level 5 in Armour
  2604 | D:4      | Reached XP level 7. HP: 12/43 MP: 7/7
  2746 | D:4      | Slain by an ogre

Illustrated notes

Levels and vault maps discovered:
D:1:      shiori_arrival_elements, layout_basic
D:2:      layout_basic, hellmonk_ecumenical_altar_zigzags,
          chequers_serial_rivers_micro_a, nicolae_underground_beach
D:3:      layout_basic
D:4:      layout_basic, serial_glass, glass_columns_b, glass_columns_b,
          nicolae_the_louvre, uniq_menkaure, uniq_ijyb, uniq_grinder,
          uniq_edmund

Skill      XL: |  1  2  3  4  5  6 |
---------------+-------------------+-----
Armour         | 4 5 |  5.3
Maces & Flails | 3 4 5 |  5.0
Dodging        | 1 |  1.6
Shields        | 4 |  4.2
Fighting       | 4 |  4.2

Action                     |  1- 3 |  4- 6 |  7- 9 || total
---------------------------+-------+-------+-------++-------
  Melee: Flail             |    16 |       |       ||    16
         Mace              |    85 |    63 |    11 ||   159
 Armour: Scale mail        |    55 |    31 |    13 ||    99
  Dodge: Dodged            |    51 |    27 |    15 ||    93
  Block: Buckler           |    23 |     4 |     1 ||    28

Table legend: (Time is in decaauts)
 A = Elapsed time spent in this place.
 B = Non-inter-level travel time spent in this place.
 C = Inter-level travel time spent in this place.
 D = Time resting spent in this place.
 E = Time spent auto-exploring this place.
 F = Levels seen in this place.
 G = Mean time per level.
                   A        B        C        D        E       F      G
               +--------+--------+--------+--------+--------+-----+--------+
         Total |   2796 |   2709 |     87 |    100 |   2095 |   4 |  699.0 |
       Dungeon |   2796 |   2709 |     87 |    100 |   2095 |   4 |  699.0 |
               +--------+--------+--------+--------+--------+-----+--------+

Top non-repeatable levels by time:
     D:3: 791 daAuts
     D:1: 762 daAuts
     D:2: 753 daAuts
     D:4: 488 daAuts
